[ PARTIDA AOE2 · #508057882 ]
UnrankedAztecas vs Burgundians
Equipo del jugador · VICT
Equipo rival · DERR
[ ANÁLISIS DE REPETICIÓN · EXTRAÍDO DE LA PARTIDA GRABADA ]
Feudal
10:44
Castillos
30:37
Imperial
—
| APM promedio | 75.1 |
| APM pico | 107 |
| eAPM promedio | 33.5 |
| Aldeanos / militares | 40 / 53 |
Foco
⚔️ 40.9% · 🌾 59.1%
Eagle Scout ×18 · Skirmisher ×17 · Archer ×14 · Spearman ×3 · Mangonel ×1
Feudal
10:17
Castillos
25:30
Imperial
—
| APM promedio | 49.8 |
| APM pico | 104 |
| eAPM promedio | 16.2 |
| Aldeanos / militares | 68 / 76 |
Foco
⚔️ 34.0% · 🌾 66.0%
Skirmisher ×56 · Flemish Militia ×19 · Mangonel ×1
Mapa de la partida
Recursos iniciales + cada clic de construcción. Líneas = muros · curvas = relieve. ◆ oro · ⬟ piedra · ● bayas · ✦ reliquia · ◌ hueco del cierre
Tu base· Abierta — hueco de 4t
Base de Feudalplay· Abierta — flanco sin cerrar
Terreno inicial suavizado · ◌ = hueco del cierre detectado · pasá el cursor para detalles
Inputs por minuto
— Philippvs II - - Feudalplay
Build order — Philippvs II
Primeras 150 de 179 acciones detectadas
| 0:01 | Encolar | Villager (Male) |
| 0:02 | Construir | House |
| 0:03 | Encolar | Villager (Male) |
| 0:04 | Construir | House |
| 0:13 | Encolar | Villager (Male) |
| 0:14 | Encolar | Villager (Male) |
| 1:01 | Investigar | Loom |
| 1:19 | Encolar | Villager (Male) |
| 1:19 | Encolar | Villager (Male) |
| 2:15 | Encolar | Villager (Male) |
| 2:49 | Encolar | Villager (Male) |
| 2:49 | Encolar | Villager (Male) |
| 3:20 | Encolar | Villager (Male) |
| 3:20 | Encolar | Villager (Male) |
| 3:26 | Construir | House |
| 3:53 | Encolar | Villager (Male) |
| 4:05 | Construir | House |
| 4:41 | Encolar | Villager (Male) |
| 4:42 | Encolar | Villager (Male) |
| 4:58 | Construir | House |
| 5:09 | Encolar | Villager (Male) |
| 5:09 | Encolar | Villager (Male) |
| 5:29 | Construir | House |
| 5:33 | Construir | House |
| 5:42 | Encolar | Villager (Male) |
| 5:42 | Encolar | Villager (Male) |
| 5:55 | Encolar | Villager (Male) |
| 6:02 | Construir | Lumber Camp |
| 6:19 | Encolar | Villager (Male) |
| 6:30 | Encolar | Villager (Male) |
| 6:58 | Construir | House |
| 7:13 | Construir | Mining Camp |
| 7:16 | Encolar | Villager (Male) |
| 8:02 | Encolar | Villager (Male) |
| 8:34 | Investigar | Feudal Age |
| 8:51 | Construir | Palisade Wall |
| 9:29 | Construir | Barracks |
| 10:13 | Construir | Palisade Wall |
| 10:14 | Construir | Palisade Wall |
| 10:18 | Construir | Palisade Wall |
| 10:44 | Edad | Edad Feudal |
| 10:48 | Construir | Archery Range |
| 10:49 | Encolar | Villager (Male) |
| 10:51 | Investigar | Double-Bit Axe |
| 11:11 | Construir | Archery Range |
| 11:17 | Encolar | Villager (Male) |
| 11:32 | Construir | House |
| 11:38 | Encolar | Villager (Male) |
| 11:44 | Construir | Blacksmith |
| 11:49 | Encolar | Archer |
| 11:52 | Encolar | Eagle Scout |
| 12:01 | Construir | House |
| 12:07 | Encolar | Archer |
| 12:14 | Construir | House |
| 12:21 | Encolar | Villager (Male) |
| 12:26 | Encolar | Eagle Scout |
| 12:33 | Encolar | Villager (Male) |
| 12:35 | Encolar | Archer |
| 12:45 | Encolar | Archer |
| 12:46 | Encolar | Skirmisher |
| 13:05 | Construir | Palisade Wall |
| 13:25 | Construir | Mill |
| 13:42 | Investigar | Fletching |
| 13:45 | Encolar | Archer |
| 13:51 | Construir | House |
| 13:57 | Encolar | Archer |
| 14:02 | Construir | Farm |
| 14:03 | Construir | Farm |
| 14:10 | Encolar | Archer |
| 14:20 | Construir | House |
| 14:23 | Construir | Farm |
| 14:32 | Construir | House |
| 15:03 | Encolar | Skirmisher |
| 15:03 | Encolar | Skirmisher |
| 15:06 | Construir | House |
| 15:14 | Construir | Farm |
| 15:40 | Construir | House |
| 15:41 | Construir | Farm |
| 15:41 | Encolar | Villager (Male) |
| 15:50 | Encolar | Skirmisher |
| 15:50 | Encolar | Skirmisher |
| 15:57 | Construir | Farm |
| 16:03 | Construir | Farm |
| 16:03 | Encolar | Villager (Male) |
| 16:17 | Encolar | Archer |
| 16:35 | Construir | Mining Camp |
| 16:40 | Encolar | Villager (Male) |
| 16:48 | Construir | Watch Tower |
| 16:53 | Encolar | Eagle Scout |
| 16:58 | Encolar | Skirmisher |
| 16:58 | Encolar | Skirmisher |
| 17:19 | Encolar | Eagle Scout |
| 17:22 | Encolar | Archer |
| 17:23 | Encolar | Skirmisher |
| 17:35 | Construir | Farm |
| 17:37 | Construir | Farm |
| 17:41 | Construir | Farm |
| 17:47 | Construir | House |
| 18:13 | Encolar | Skirmisher |
| 18:14 | Encolar | Skirmisher |
| 18:35 | Encolar | Villager (Male) |
| 18:38 | Investigar | Padded Archer Armor |
| 18:48 | Encolar | Archer |
| 18:48 | Encolar | Skirmisher |
| 19:04 | Construir | Watch Tower |
| 19:25 | Investigar | Scale Mail Armor |
| 19:47 | Encolar | Villager (Male) |
| 19:52 | Encolar | Archer |
| 19:53 | Encolar | Skirmisher |
| 20:16 | Encolar | Eagle Scout |
| 20:18 | Encolar | Archer |
| 20:18 | Encolar | Skirmisher |
| 20:34 | Construir | Palisade Wall |
| 20:49 | Construir | Watch Tower |
| 20:57 | Construir | Barracks |
| 21:04 | Encolar | Villager (Male) |
| 21:05 | Encolar | Eagle Scout |
| 21:06 | Encolar | Skirmisher |
| 21:08 | Construir | Lumber Camp |
| 21:11 | Construir | Lumber Camp |
| 21:12 | Encolar | Villager (Male) |
| 21:27 | Construir | Watch Tower |
| 21:36 | Encolar | Spearman |
| 21:37 | Encolar | Eagle Scout |
| 22:03 | Encolar | Villager (Male) |
| 22:05 | Encolar | Skirmisher |
| 22:15 | Construir | Watch Tower |
| 22:19 | Encolar | Spearman |
| 22:21 | Construir | House |
| 22:24 | Construir | Palisade Wall |
| 22:48 | Encolar | Villager (Male) |
| 22:54 | Construir | Watch Tower |
| 23:03 | Encolar | Archer |
| 23:04 | Encolar | Skirmisher |
| 23:12 | Construir | House |
| 23:14 | Construir | House |
| 23:21 | Encolar | Archer |
| 23:21 | Encolar | Skirmisher |
| 23:24 | Encolar | Villager (Male) |
| 23:27 | Construir | House |
| 23:37 | Construir | House |
| 23:38 | Construir | Palisade Wall |
| 23:39 | Construir | Palisade Wall |
| 23:49 | Construir | Watch Tower |
| 23:57 | Construir | Mining Camp |
| 24:01 | Encolar | Eagle Scout |
| 25:11 | Construir | House |
| 25:14 | Construir | House |
| 25:16 | Encolar | Eagle Scout |
| 25:36 | Encolar | Villager (Male) |
Build order — Feudalplay
Primeras 150 de 209 acciones detectadas
| 0:00 | Encolar | Villager (Male) |
| 0:01 | Encolar | Villager (Male) |
| 0:01 | Encolar | Villager (Male) |
| 0:01 | Encolar | Villager (Male) |
| 0:02 | Construir | House |
| 0:03 | Construir | House |
| 1:25 | Encolar | Villager (Male) |
| 1:25 | Encolar | Villager (Male) |
| 1:58 | Encolar | Villager (Male) |
| 2:11 | Encolar | Villager (Male) |
| 2:34 | Construir | Lumber Camp |
| 2:52 | Encolar | Villager (Male) |
| 3:13 | Encolar | Villager (Male) |
| 3:16 | Investigar | Double-Bit Axe |
| 3:43 | Encolar | Villager (Male) |
| 3:43 | Encolar | Villager (Male) |
| 4:06 | Encolar | Villager (Male) |
| 4:13 | Encolar | Villager (Male) |
| 4:15 | Construir | House |
| 4:37 | Encolar | Villager (Male) |
| 4:39 | Encolar | Villager (Male) |
| 4:39 | Encolar | Villager (Male) |
| 4:56 | Construir | Mill |
| 5:23 | Encolar | Villager (Male) |
| 5:28 | Encolar | Villager (Male) |
| 5:28 | Encolar | Villager (Male) |
| 5:55 | Encolar | Villager (Male) |
| 6:01 | Construir | House |
| 6:03 | Construir | Mill |
| 6:41 | Encolar | Villager (Male) |
| 6:42 | Investigar | Loom |
| 7:19 | Construir | Farm |
| 7:20 | Construir | Farm |
| 7:34 | Encolar | Villager (Male) |
| 8:07 | Investigar | Feudal Age |
| 8:07 | Investigar | Feudal Age |
| 8:47 | Construir | House |
| 8:54 | Construir | Barracks |
| 9:37 | Encolar | Villager (Male) |
| 10:11 | Encolar | Villager (Male) |
| 10:15 | Construir | House |
| 10:17 | Edad | Edad Feudal |
| 10:20 | Investigar | Bow Saw |
| 10:21 | Investigar | Horse Collar |
| 10:33 | Encolar | Flemish Militia |
| 10:33 | Encolar | Flemish Militia |
| 10:33 | Encolar | Flemish Militia |
| 10:35 | Encolar | Villager (Male) |
| 10:44 | Construir | Farm |
| 10:47 | Construir | Farm |
| 11:08 | Encolar | Villager (Male) |
| 11:14 | Construir | Archery Range |
| 11:23 | Encolar | Villager (Male) |
| 11:29 | Construir | Farm |
| 11:40 | Construir | Farm |
| 11:47 | Encolar | Villager (Male) |
| 11:50 | Construir | Farm |
| 12:08 | Encolar | Villager (Male) |
| 12:09 | Encolar | Skirmisher |
| 12:09 | Encolar | Skirmisher |
| 12:12 | Construir | House |
| 12:15 | Encolar | Villager (Male) |
| 12:37 | Construir | Blacksmith |
| 12:47 | Construir | House |
| 12:54 | Encolar | Villager (Male) |
| 13:05 | Encolar | Villager (Male) |
| 13:08 | Construir | Farm |
| 13:16 | Encolar | Villager (Male) |
| 13:18 | Encolar | Skirmisher |
| 13:20 | Construir | House |
| 13:25 | Investigar | Padded Archer Armor |
| 13:28 | Construir | Farm |
| 13:43 | Construir | Farm |
| 13:45 | Encolar | Skirmisher |
| 13:59 | Construir | House |
| 14:00 | Construir | Palisade Wall |
| 14:11 | Encolar | Villager (Male) |
| 14:12 | Encolar | Skirmisher |
| 14:12 | Encolar | Skirmisher |
| 14:13 | Encolar | Villager (Male) |
| 14:32 | Encolar | Skirmisher |
| 14:59 | Encolar | Villager (Male) |
| 15:00 | Encolar | Skirmisher |
| 15:00 | Encolar | Skirmisher |
| 15:02 | Encolar | Villager (Male) |
| 15:06 | Construir | Mining Camp |
| 15:24 | Encolar | Flemish Militia |
| 15:36 | Encolar | Skirmisher |
| 15:37 | Construir | Archery Range |
| 15:46 | Encolar | Villager (Male) |
| 15:49 | Construir | Farm |
| 15:52 | Construir | Farm |
| 16:02 | Construir | House |
| 16:03 | Construir | Palisade Wall |
| 16:09 | Encolar | Villager (Male) |
| 16:12 | Construir | Farm |
| 16:14 | Encolar | Villager (Male) |
| 16:20 | Encolar | Skirmisher |
| 16:22 | Investigar | Fletching |
| 16:34 | Encolar | Villager (Male) |
| 16:36 | Construir | Farm |
| 16:40 | Construir | Farm |
| 16:51 | Encolar | Flemish Militia |
| 17:16 | Encolar | Skirmisher |
| 17:16 | Encolar | Skirmisher |
| 17:20 | Encolar | Villager (Male) |
| 17:23 | Construir | Farm |
| 17:25 | Construir | Farm |
| 17:30 | Encolar | Villager (Male) |
| 17:43 | Construir | Farm |
| 18:14 | Encolar | Villager (Male) |
| 18:16 | Encolar | Flemish Militia |
| 18:27 | Encolar | Skirmisher |
| 18:28 | Encolar | Skirmisher |
| 18:29 | Construir | Farm |
| 18:31 | Construir | Farm |
| 18:38 | Encolar | Flemish Militia |
| 18:38 | Encolar | Flemish Militia |
| 18:39 | Encolar | Villager (Male) |
| 18:40 | Encolar | Villager (Male) |
| 19:15 | Encolar | Flemish Militia |
| 19:15 | Encolar | Flemish Militia |
| 19:16 | Encolar | Skirmisher |
| 19:17 | Encolar | Skirmisher |
| 19:18 | Construir | House |
| 19:19 | Construir | House |
| 19:19 | Construir | House |
| 19:27 | Encolar | Villager (Male) |
| 19:29 | Construir | Farm |
| 20:02 | Encolar | Skirmisher |
| 20:02 | Encolar | Skirmisher |
| 20:04 | Encolar | Skirmisher |
| 20:04 | Encolar | Skirmisher |
| 20:09 | Encolar | Flemish Militia |
| 20:09 | Encolar | Flemish Militia |
| 20:24 | Encolar | Villager (Male) |
| 20:27 | Construir | Watch Tower |
| 20:29 | Encolar | Skirmisher |
| 20:30 | Encolar | Skirmisher |
| 20:37 | Encolar | Skirmisher |
| 20:37 | Encolar | Skirmisher |
| 20:39 | Construir | Farm |
| 20:41 | Encolar | Villager (Male) |
| 20:54 | Encolar | Skirmisher |
| 20:54 | Encolar | Skirmisher |
| 21:19 | Encolar | Villager (Male) |
| 21:28 | Encolar | Skirmisher |
| 21:28 | Encolar | Skirmisher |
| 21:57 | Encolar | Villager (Male) |
| 22:02 | Construir | Mining Camp |
Cronología de la partida
| 8:51 | Philippvs II · wall_segment Palisade Wall x6 |
| 8:54 | Feudalplay · first_building Barracks |
| 9:29 | Philippvs II · first_building Barracks |
| 10:13 | Philippvs II · wall_segment Palisade Wall x9 |
| 10:14 | Philippvs II · wall_segment Palisade Wall x8 |
| 10:17 | Feudalplay · age_up feudal |
| 10:18 | Philippvs II · wall_segment Palisade Wall x7 |
| 10:44 | Philippvs II · age_up feudal |
| 10:48 | Philippvs II · first_building Archery Range |
| 11:14 | Feudalplay · first_building Archery Range |
| 13:05 | Philippvs II · wall_segment Palisade Wall x1 |
| 14:00 | Feudalplay · wall_segment Palisade Wall x10 |
| 16:03 | Feudalplay · wall_segment Palisade Wall x7 |
| 20:34 | Philippvs II · wall_segment Palisade Wall x1 |
| 22:24 | Philippvs II · wall_segment Palisade Wall x1 |
| 23:38 | Philippvs II · wall_segment Palisade Wall x3 |
| 23:39 | Philippvs II · wall_segment Palisade Wall x1 |
| 25:30 | Feudalplay · age_up castle |
| 25:34 | Feudalplay · first_building Siege Workshop |
| 30:37 | Philippvs II · age_up castle |
| 30:41 | Philippvs II · first_building Siege Workshop |
| 31:35 | Feudalplay · resign |
[ ANÁLISIS IA · 1 CRÉDITO ]
¿Qué pasó realmente en esta partida?
Wolo.gg analiza cada decisión: build order, eco, micro, errores típicos por bracket. Análisis personalizado por WhatsApp o Discord en 30 segundos.
Guía civ
Aztecas
Perfil
Jugador #5601832